 Dungeon Crawl Stone Soup version 0.29.1-2-gbd0b4ee654 (webtiles) character file.

Game seed: 10922002230947024383

467 safid the Shooter (level 6, 0/49 (58) HPs)
             Began as a Minotaur Hunter on Oct 24, 2022.
             Was an Initiate of Okawaru.
             Slain by a wight
             ... wielding a +4 halberd
              (4 damage)
             ... on level 5 of the Dungeon.
             The game lasted 00:06:43 (4253 turns).

safid the Shooter (Minotaur Hunter)                 Turns: 4253, Time: 00:06:44

HP:   0/49 (58)     AC:  8    Str: 15    XL:     6   Next: 81%
MP:   5/5           EV: 11    Int:  6    God:    Okawaru [......]
Gold: 140           SH:  0    Dex: 16    Spells: 5/5 levels left

rFire   + . .      SeeInvis .   a - +0 shortbow
rCold   + . .      Faith    .   (shield currently unavailable)
rNeg    . . .      Spirit   .   s - +2 ring mail {rF+}
rPois   .          Reflect  .   (helmet restricted)
rElec   .          Harm     .   r - +0 cloak
rCorr   +          Rampage  .   (no gloves)
Will    .....                   (no boots)
Stlth   +.........              (no amulet)
HPRegen 0.16/turn               m - ring of protection from cold
MPRegen 0.09/turn               c - ring of resist corrosion

@: heavily drained
A: horns 2, retaliatory headbutt
a: Renounce Religion


You were on level 5 of the Dungeon.
You worshipped Okawaru.
Okawaru was noncommittal.
You visited 2 branches of the dungeon, and saw 6 of its levels.

You collected 257 gold pieces.
You spent 117 gold pieces at shops.

Inventory:

Hand Weapons
 a - a +0 shortbow (weapon)
Missiles
 t - 6 javelins
Armour
 r - a +0 cloak (worn)
 s - a +2 ring mail of fire resistance (worn)
Jewellery
 c - a ring of resist corrosion (right hand)
 m - a ring of protection from cold (left hand)
 w - the ring of Heficw {Fire +Blink Dex-2 SInv}
   (You found it on level 4 of the Dungeon)

   [ring of fire]

   It enhances your fire magic.
   Dex:       It affects your dexterity (-2).
   rF:        It protects you from fire.
   rC:        It makes you vulnerable to cold.
   SInv:      It lets you see invisible.
   +Blink:    It lets you blink.
Scrolls
 d - a scroll of amnesia {unknown}
 e - 5 scrolls of identify {unknown}
 h - a scroll of poison {unknown}
 i - 2 scrolls of blinking {unknown}
 k - 4 scrolls of fog {unknown}
 o - a scroll of teleportation {unknown}
 q - a scroll of fear {unknown}
Potions
 b - a potion of attraction {unknown}
 f - a potion of mutation {unknown}
 g - 2 potions of haste {unknown}
 j - 2 potions of curing
 l - a potion of cancellation {unknown}
 n - a potion of might {unknown}
 u - a potion of brilliance {unknown}
 v - a potion of lignification {unknown}


   Skills:
 + Level 6.4 Fighting
 + Level 7.0 Ranged Weapons
 - Level 2.1 Dodging
 - Level 0.7 Stealth
 + Level 0.6 Invocations


You had 5 spell levels left.
You didn't know any spells.
Your spell library contained the following spells:

 Spells                   Type           Power      Damage    Failure   Level
 Summon Small Mammal      Summ           Unusable   N/A       N/A         1
 Call Canine Familiar     Summ           Unusable   N/A       N/A         3
 Summon Guardian Golem    Hex/Summ       Unusable   N/A       N/A         3

Dungeon Overview and Level Annotations

Branches:
Dungeon (5/15)             Temple (1/1) D:4

Altars:
Ashenzari
Cheibriados
Elyvilon
Fedhas
Gozag
Hepliaklqana
Kikubaaqudgha
Makhleb
Okawaru
Qazlal
Sif Muna
Vehumet
Wu Jian
Yredelemnul
The Shining One

Shops:
D:3 =   D:4 !

Annotations:
D:3 1 runed translucent door, Crazy Yiuf
D:4 2 runed translucent doors, elongatedgoose's ghost, amateur SpBr


Innate Abilities, Weirdness & Mutations

You have a pair of horns on your head.
You reflexively headbutt those who attack you in melee.


Message History

* * * LOW HITPOINT WARNING * * *
You feel drained.
* * * LOW HITPOINT WARNING * * *
You feel much better. The wight barely misses you. The wight misses you.
Fire: a) +0 shortbow
Press: ? - help, Q - select action, (/) - cycle Shift-Dir - straight line, f/p - wight
Aim: a wight, wielding a +5 mace and wearing a +0 robe (lightly damaged, 66% to hit)
You shoot an arrow. The arrow hits the wight!
The wight is severely damaged.
The wight barely misses you.
The wight hits you from afar with a +4 halberd!
You feel drained.
Fire: a) +0 shortbow
Press: ? - help, Q - select action, (/) - cycle Shift-Dir - straight line, f/p - wight
Aim: a wight, wielding a +5 mace and wearing a +0 robe (severely damaged, 66% to hit)
You shoot an arrow.
The arrow hits the wight but does no damage.
The wight is severely damaged.
The wight closely misses you. The wight barely misses you.
The wight hits you with a +5 mace. The wight closely misses you.
Fire: a) +0 shortbow
Press: ? - help, Q - select action, (/) - cycle Shift-Dir - straight line, f/p - wight
Aim: a wight, wielding a +5 mace and wearing a +0 robe (severely damaged, 66% to hit)
You shoot an arrow. The arrow closely misses the wight.
The arrow completely misses the wight.
The arrow hits the wight!
The wight is almost destroyed.
The wight hits you from afar with a +4 halberd!
* * * LOW HITPOINT WARNING * * *
The wight hits you but does no damage.
Fire: a) +0 shortbow
Press: ? - help, Q - select action, (/) - cycle Shift-Dir - straight line, f/p - wight
Aim: a wight, wielding a +5 mace and wearing a +0 robe (severely damaged, 66% to hit)
You shoot an arrow. The arrow barely misses the wight.
The arrow hits the wight but does no damage.
The wight is moderately damaged.
The wight hits you with a +5 mace.
* * * LOW HITPOINT WARNING * * *
The wight hits you from afar with a +4 halberd.
You die...

........#.# .#
........#.# #.#
#.......#.# #.#
........#.# #.#
#########.#.#####.######
.........z..............
##.####.#z#.###.....###
#..#.#z#.#.......##
#..#.#@#.#....z...#
#..#.#.#.#........#
#..#.#.#.#........#
#.<#.#.#.#........#
#.##.#.#.#....###.#
#....#.# #....# #.#####
######.# #....# #...zz.
... ####.# ######. #. ..


You could see 3 wights.

Vanquished Creatures
  An ogre (D:4)
  4 hounds
  3 orc wizards (D:4)
  4 gnolls
  7 adders
  A white imp (D:5)
  2 worms
  2 dart slugs
  4 orcs (D:4)
  4 endoplasms
  7 goblins
  13 hobgoblins
  7 kobolds
  3 quokkas
  6 ball pythons
  3 bats
  4 frilled lizards
  4 rats
79 creatures vanquished.

Vanquished Creatures (others)
  A fungus (D:3)
  2 plants (D:1)
3 creatures vanquished.

Grand Total: 82 creatures vanquished

Notes
Turn   | Place    | Note
-------+----------+-------------------------------------------
     0 | D:1      | safid the Minotaur Hunter began the quest for the Orb.
     0 | D:1      | Reached XP level 1. HP: 18/18 MP: 0/0
   300 | D:1      | Found a faded altar of an unknown god.
   304 | D:1      | Reached XP level 2. HP: 25/25 MP: 1/1
  1379 | D:2      | Reached skill level 5 in Ranged Weapons
  1379 | D:2      | Reached XP level 3. HP: 31/31 MP: 2/2
  1865 | D:3      | Found Doigre Xuath's One-of-a-Kind Rings.
  1910 | D:3      | Reached XP level 4. HP: 40/40 MP: 3/3
  2473 | D:3      | Reached XP level 5. HP: 47/47 MP: 4/4
  2743 | D:3      | Reached skill level 5 in Fighting
  2743 | D:3      | Reached skill level 6 in Ranged Weapons
  3129 | D:3      | Found a runed translucent door.
  3130 | D:3      | Noticed Crazy Yiuf
  3447 | D:4      | Found Massoj's Distillery.
  3497 | D:4      | Found a runed translucent door.
  3502 | D:4      | Noticed elongatedgoose's ghost (amateur SpBr)
  3503 | D:4      | Noticed an ogre
  3509 | D:4      | Killed an ogre
  3510 | D:4      | Reached XP level 6. HP: 56/57 MP: 5/5
  3535 | D:4      | Found a staircase to the Ecumenical Temple.
  3544 | Temple   | Entered the Ecumenical Temple
  3579 | Temple   | Became a worshipper of Warmaster Okawaru
  3784 | D:4      | Reached skill level 7 in Ranged Weapons
  3816 | D:4      | Identified the ring of Heficw {Fire +Blink Dex-2 SInv}
  3839 | D:4      | Found a runed translucent door.
  4031 | D:4      | Bought a potion of heal wounds for 65 gold pieces
  4031 | D:4      | Bought a potion of curing for 39 gold pieces
  4031 | D:4      | Bought a potion of degeneration for 13 gold pieces
  4179 | D:5      | Entered Level 5 of the Dungeon
  4243 | D:5      | HP: 2/52 [wight/+5 mace (5)]
  4253 | D:5      | Slain by a wight

Illustrated notes

Levels and vault maps discovered:
D:1:      dpeg_arrival_court, layout_basic, chequers_ecumenical_altar_island,
          serial_co_window_serial, co_window_of_opportunity_a,
          co_window_corner_a, co_window_of_opportunity_a, co_window_corner_a,
          co_window_paths_a, co_window_corner_b, co_window_broadway_c,
          co_window_2corner, co_window_paths_c, co_window_cross_2,
          co_window_2corner, glass_columns_b, glass_columns_a, glass_columns_a,
          serial_bayou_pond_e, chequers_serial_rivers_micro_e
D:2:      layout_basic
D:3:      layout_loops_ring, nicolae_shop_unique_rings,
          minmay_randomly_rotated_circles, uniq_crazy_yiuf_cottage
D:4:      layout_rooms, lemuel_temple_firewalk_a, ebering_ghost_sewer_f,
          serial_shops, nicolae_inconvenience_store
D:5:      layout_basic, uniq_grinder
Temple:   compressed_dpeg_triangle_lava_temple

Skill      XL: |  1  2  3  4  5  6 |
---------------+-------------------+-----
Fighting       | 3 4 6 |  6.4
Ranged Weapons | 5 6 7 |  7.0
Dodging        | |  2.1
Stealth        | |  0.7
Invocations    | |  0.6

Action                   |  1- 3 |  4- 6 || total
-------------------------+-------+-------++-------
 Fire: Shortbow          |    86 |   168 ||   254
  Use: Potion            |       |     2 ||     2
Armor: Ring mail         |     9 |    45 ||    54
Dodge: Dodged            |    21 |    65 ||    86
